[Event "Titled Tuesday Blitz December 13 Late 2022"]
[White "Burke, Paul"]
[Black "Barbot, Pierre"]
[WhiteFideId "2605767"]
[BlackFideId "663727"]
[WhiteElo "1928"]
[BlackElo "2439"]
[Result "0-1"]
[Round "07"]
[TimeControl "180+1"]
[Date "2022.12.14"]
[WhiteClock "0:00:28"]
[BlackClock "0:00:35"]

1. e4 c5 2. d4 cxd4 3. c3 dxc3 4. Nxc3 g6 5. Nf3 Bg7 6. Bc4 Nc6 7. Bg5 Nf6 8. e5 Ng4 9. Bf4 O-O 10. Qe2 Qa5 11. Bd5 b5 12. O-O b4 13. Bxc6 dxc6 14. Nd1 Ba6 15. Qd2 Bxf1 16. Kxf1 Nxe5 17. Nxe5 Bxe5 18. Bxe5 Qxe5 19. Qxb4 Qb5+ 20. Qxb5 cxb5 21. Nc3 Rfd8 22. Nxb5 a6 23. Nd4 Rxd4 0-1


[Site "https://www.chess.com"]

[Event "Titled Tuesday Blitz December 13 Late 2022"]
[White "Campelo, Leandro Fabricio"]
[Black "Mitrovic, Darko R"]
[WhiteFideId "2103346"]
[BlackFideId "927023"]
[WhiteElo "2070"]
[BlackElo "2150"]
[Result "1-0"]
[Round "07"]
[TimeControl "180+1"]
[Date "2022.12.14"]
[WhiteClock "0:00:40"]
[BlackClock "0:00:07"]

1. e4 e6 2. d4 d5 3. Nc3 Bb4 4. e5 c5 5. a3 Bxc3+ 6. bxc3 Ne7 7. Qg4 O-O 8. Bd3 Nbc6 9. Qh5 Ng6 10. Qd1 f6 11. Bxg6 hxg6 12. Ne2 cxd4 13. cxd4 fxe5 14. dxe5 Nxe5 15. O-O Nc6 16. Bb2 e5 17. Nc3 Be6 18. Qe2 Qg5 19. Rad1 Rad8 20. Bc1 Qh5 21. Qb5 Nd4 22. Qxb7 1-0


[Site "https://www.chess.com"]

[Event "Titled Tuesday Blitz December 13 Late 2022"]
[White "Clawitter, Craig"]
[Black "Kleiman, Jake"]
[WhiteFideId "2023105"]
[BlackFideId "2020041"]
[WhiteElo "2210"]
[BlackElo "2600"]
[Result "0-1"]
[Round "07"]
[TimeControl "180+1"]
[Date "2022.12.14"]
[WhiteClock "0:00:12"]
[BlackClock "0:02:01"]

1. e4 e5 2. Nf3 Nc6 3. Bb5 a6 4. Ba4 Nf6 5. O-O b5 6. Bb3 Bc5 7. a4 Rb8 8. axb5 axb5 9. c3 d6 10. d4 Bb6 11. Na3 O-O 12. Nxb5 Bg4 13. Be3 exd4 14. cxd4 Nxe4 15. Bd5 Qe8 16. Qc2 Bxf3 17. Bxc6 Qe6 18. gxf3 Qg6+ 19. Bg5 Qxg5+ 20. Kh1 Nf6 21. Rg1 Qf4 22. Rg3 d5 23. Rag1 g6 24. Rxg6+ fxg6 25. Rxg6+ hxg6 26. Qxg6+ Kh8 27. Qh6+ Qxh6 0-1


[Site "https://www.chess.com"]

[Event "Titled Tuesday Blitz December 13 Late 2022"]
[White "Cruz, William Ferreira Da"]
[Black "Osmonbekov, Talaibek"]
[WhiteFideId "2118050"]
[BlackFideId "2017253"]
[WhiteElo "2223"]
[BlackElo "2135"]
[Result "1-0"]
[Round "07"]
[TimeControl "180+1"]
[Date "2022.12.14"]
[WhiteClock "0:00:18"]
[BlackClock "0:00:06"]

1. d4 e6 2. e4 d5 3. Bd3 dxe4 4. Bxe4 Nf6 5. Bf3 c5 6. Ne2 Be7 7. O-O O-O 8. dxc5 Bxc5 9. Bg5 Nc6 10. c3 Qxd1 11. Rxd1 e5 12. Bxc6 bxc6 13. Bxf6 gxf6 14. Nd2 Bg4 15. Kf1 a5 16. f3 Be6 17. Ne4 Be7 18. g4 f5 19. gxf5 Bxf5 20. N2g3 Be6 21. Nd6 Rab8 22. b3 f5 23. c4 a4 24. Rab1 axb3 25. axb3 Bxd6 26. Rxd6 Bxc4+ 27. Kf2 Bd5 28. b4 Rb5 29. Re1 e4 30. fxe4 fxe4+ 31. Kg1 Rxb4 32. Nh5 Rd4 33. Nf6+ Kg7 34. Ng4 Rd3 35. Ne5 Rc3 36. Rd7+ Kh6 37. Ng4+ Kg5 38. Ne3 Rc5 39. Rxh7 Rf3 40. Rg7+ Kf4 41. Ng2+ Ke5 42. h4 Rc2 43. h5 Kd4 44. h6 Rh3 45. h7 e3 46. Rxe3 Rxg2+ 47. Rxg2 Rxh7 48. Rgg3 c5 49. Rd3+ Ke5 50. Rg5+ Ke4 51. Rgxd5 c4 52. R5d4+ Ke5 53. Rd1 Rg7+ 54. Kf2 Rf7+ 55. Ke3 c3 56. Rc4 Rh7 57. Rxc3 Rh3+ 58. Kd2 Rh2+ 59. Kc1 Ke4 60. Rc8 Ke3 61. Re8+ Kf2 62. Rd2+ Kg3 63. Rg8+ Kf4 64. Rxh2 1-0


[Site "https://www.chess.com"]

[Event "Titled Tuesday Blitz December 13 Late 2022"]
[White "Curtis, John"]
[Black "Adewumi, Tanitoluwa"]
[WhiteFideId "3200256"]
[BlackFideId "30966396"]
[WhiteElo "2203"]
[BlackElo "2469"]
[Result "0-1"]
[Round "07"]
[TimeControl "180+1"]
[Date "2022.12.14"]
[WhiteClock "0:00:17"]
[BlackClock "0:00:10"]

1. e4 c5 2. Nf3 e6 3. d4 cxd4 4. Nxd4 Nc6 5. Nc3 Qc7 6. Nxc6 bxc6 7. Bd3 Nf6 8. f4 d5 9. e5 Nd7 10. O-O a5 11. f5 Nxe5 12. fxe6 Bxe6 13. Bf4 Bd6 14. Bxe5 Bxe5 15. Qh5 g6 16. Qh6 O-O-O 17. Rae1 Bd4+ 18. Kh1 Rhe8 19. Ne2 Be5 20. c3 Bg4 21. Nd4 Bh5 22. a3 Bxh2 23. Nxc6 Rxe1 24. Rxe1 Bg3 25. Ba6+ Kd7 26. Re7+ Kxc6 27. Rxc7+ Bxc7 28. c4 dxc4 29. Qc1 Rd1+ 30. Qxd1 Bxd1 31. Bxc4 f6 32. b4 axb4 33. axb4 g5 34. Bg8 h6 35. Kg1 Ba4 36. Bf7 Bb5 37. Be8+ Kb6 38. Bg6 Bd6 39. g4 Bxb4 40. Bf5 Bc5+ 41. Kg2 Bc6+ 42. Kg3 Kc7 43. Kh3 Bd7 44. Kg3 Bxf5 45. gxf5 h5 46. Kf3 g4+ 47. Ke4 h4 48. Kf4 h3 49. Kg3 Bd6+ 50. Kxg4 h2 51. Kh5 h1=Q+ 52. Kg6 Be5 53. Kf7 Qh7+ 54. Ke6 Qd7# 0-1


[Site "https://www.chess.com"]

[Event "Titled Tuesday Blitz December 13 Late 2022"]
[White "De Souza, Cristiano Gomes"]
[Black "D`Arruda, Ricardo D."]
[WhiteFideId "2151758"]
[BlackFideId "100692"]
[WhiteElo "2068"]
[BlackElo "2407"]
[Result "1-0"]
[Round "07"]
[TimeControl "180+1"]
[Date "2022.12.14"]
[WhiteClock "0:00:40"]
[BlackClock "0:00:40"]

1. d4 Nf6 2. c4 e5 3. dxe5 Ne4 4. Nd2 Nc5 5. Ngf3 Nc6 6. b3 Qe7 7. Bb2 d6 8. e3 dxe5 9. Be2 Bf5 10. O-O O-O-O 11. Qc1 Nd3 12. Bxd3 Bxd3 13. Rd1 f6 14. Nf1 Qf7 15. Ng3 a5 16. Ne1 Bg6 17. Rxd8+ Nxd8 18. Bc3 Nc6 19. Qd2 Bb4 20. a3 Rd8 21. Qb2 Bxc3 22. Qxc3 Qe7 23. h4 h5 24. Nf3 Rd3 25. Qb2 Qd6 26. b4 axb4 27. axb4 Qxb4 28. Ra8+ Kd7 29. Qxb4 Nxb4 30. Rg8 Bf7 31. Rxg7 Ke8 32. Rh7 Kf8 33. Nxh5 Bxh5 34. Rxh5 Kg7 35. g4 Rc3 36. g5 Rxc4 37. gxf6+ Kxf6 38. Nxe5 Rc1+ 39. Kg2 c5 40. Ng4+ Kg7 41. Rg5+ Kh7 42. h5 Rd1 43. Nf6+ Kh6 44. Rg6# 1-0


[Site "https://www.chess.com"]

[Event "Titled Tuesday Blitz December 13 Late 2022"]
[White "Di Berardino, Diego Rafael"]
[Black "Kravtsiv, Martyn"]
[WhiteFideId "2105446"]
[BlackFideId "14113147"]
[WhiteElo "2441"]
[BlackElo "2695"]
[Result "0-1"]
[Round "07"]
[TimeControl "180+1"]
[Date "2022.12.13"]
[WhiteClock "0:00:05"]
[BlackClock "0:02:03"]

1. e4 e5 2. Nf3 Nc6 3. Bc4 Nf6 4. Ng5 d5 5. exd5 Na5 6. Bb5+ c6 7. dxc6 bxc6 8. Bd3 Nd5 9. Nf3 Bd6 10. O-O Nf4 11. Re1 Nxd3 12. cxd3 O-O 13. Nxe5 Re8 14. Nc4 Bg4 15. Rxe8+ Qxe8 16. f3 Nxc4 17. dxc4 Qe5 18. fxg4 Qxh2+ 19. Kf2 Re8 20. Nc3 Qh4+ 21. Kf1 Bg3 22. Ne2 Rxe2 23. Kxe2 Qxg4+ 0-1


[Site "https://www.chess.com"]

[Event "Titled Tuesday Blitz December 13 Late 2022"]
[White "Domingo Nunez, Ruben"]
[Black "Pichot, Alan"]
[WhiteFideId "22245570"]
[BlackFideId "110973"]
[WhiteElo "2406"]
[BlackElo "2561"]
[Result "1-0"]
[Round "07"]
[TimeControl "180+1"]
[Date "2022.12.13"]
[WhiteClock "0:00:22"]
[BlackClock "0:00:04"]

1. b3 c5 2. Bb2 Nc6 3. Nf3 Nf6 4. e3 g6 5. Be2 Bg7 6. O-O O-O 7. c4 b6 8. Nc3 Bb7 9. d4 cxd4 10. exd4 d5 11. h3 Rc8 12. Re1 dxc4 13. Bxc4 Na5 14. Be2 Nd5 15. Ne4 Nf4 16. Bf1 Nc6 17. Qd2 Nd5 18. Rad1 Qd7 19. Ne5 Nxe5 20. dxe5 Rfd8 21. e6 fxe6 22. Bxg7 Kxg7 23. Ng5 Rc6 24. Bb5 Rdc8 25. Qd4+ Kg8 26. Qh4 h5 27. Qe4 Qe8 28. Bxc6 Rxc6 29. Nxe6 Nf6 30. Qe5 Rc8 31. Nf4 Qc6 32. Qg5 Qe8 33. Nxg6 Nh7 34. Nxe7+ Kh8 35. Qe5+ Nf6 36. Qxf6+ 1-0


[Site "https://www.chess.com"]

[Event "Titled Tuesday Blitz December 13 Late 2022"]
[White "Donskov, Anatoly"]
[Black "Thomforde-Toates, Noah"]
[WhiteFideId "24143413"]
[BlackFideId "30951992"]
[WhiteElo "2219"]
[BlackElo "2603"]
[Result "0-1"]
[Round "07"]
[TimeControl "180+1"]
[Date "2022.12.14"]
[WhiteClock "0:00:04"]
[BlackClock "0:00:18"]

1. e4 c5 2. Nf3 g6 3. d4 cxd4 4. Nxd4 Bg7 5. c4 Nc6 6. Be3 Nf6 7. Nc3 Ng4 8. Qxg4 Nxd4 9. Qd1 e5 10. Be2 O-O 11. O-O d6 12. Rc1 Be6 13. b3 Qa5 14. Qd2 Rfc8 15. Rfd1 a6 16. Bf1 h5 17. Ne2 Qxd2 18. Rxd2 Nxe2+ 19. Bxe2 Bf8 20. Rcd1 Be7 21. a4 Kf8 22. Bb6 Ke8 23. a5 Rc6 24. f3 Rac8 25. Kf2 Bh4+ 26. g3 Be7 27. h4 f6 28. Ke3 Bf8 29. Kf2 Be7 30. Bf1 g5 31. Be2 gxh4 32. gxh4 f5 33. Rh1 f4 34. Bf1 Kf7 35. Ke1 Rg8 36. Rg2 Rxg2 37. Bxg2 Rc8 38. Bf1 Rg8 39. Ke2 Bf6 40. Ke1 Ke7 41. Bf2 Kd7 42. Kd2 Rc8 43. Kc3 d5 44. exd5 Bxd5 45. Bh3+ Be6 46. Rd1+ Ke7 47. Bxe6 Kxe6 48. Kc2 Rg8 49. Bc5 Rg2+ 50. Rd2 Rxd2+ 51. Kxd2 Bxh4 52. Ke2 Bd8 53. b4 h4 54. Kf1 Kf5 55. Kg2 e4 56. fxe4+ Kxe4 57. Bg1 f3+ 58. Kh3 Kd3 59. b5 Kxc4 60. bxa6 bxa6 61. Bb6 Be7 62. Kh2 Kd3 63. Kg1 Ke2 64. Bc5 Bxc5+ 65. Kh2 Bb4 0-1


[Site "https://www.chess.com"]

[Event "Titled Tuesday Blitz December 13 Late 2022"]
[White "Dudzinski, Pawel"]
[Black "Stanisz, Patryk"]
[WhiteFideId "1117890"]
[BlackFideId "1123106"]
[WhiteElo "2099"]
[BlackElo "2069"]
[Result "1-0"]
[Round "07"]
[TimeControl "180+1"]
[Date "2022.12.14"]
[WhiteClock "0:00:26"]
[BlackClock "0:00:01"]

1. e4 c5 2. c4 Nc6 3. Nc3 d6 4. g3 g6 5. Bg2 Bg7 6. Nge2 e6 7. Rb1 Nge7 8. a3 O-O 9. b4 Nd4 10. d3 Rb8 11. Bb2 b6 12. Nb5 Nxb5 13. Bxg7 Kxg7 14. cxb5 cxb4 15. Rxb4 d5 16. O-O dxe4 17. Rd4 Qc7 18. Qa1 f6 19. Rc1 Qe5 20. dxe4 Kf7 21. f4 Qh5 22. Rd2 Qxb5 23. e5 f5 24. Rc7 Ba6 25. Rdd7 Rfe8 26. Nd4 Qd3 27. Nc6 Qe3+ 28. Kh1 Kf8 29. Nxb8 Rxb8 30. Rxe7 Be2 31. Rf7+ Kg8 32. Rg7+ Kh8 33. Rxh7+ Kg8 34. Rcg7+ Kf8 35. Qb2 Bf3 36. Qb4+ 1-0


[Site "https://www.chess.com"]

[Event "Titled Tuesday Blitz December 13 Late 2022"]
[White "Eisa Mohmood, Alkhoori"]
[Black "Vargas, Mauricio"]
[WhiteFideId "9316116"]
[BlackFideId "4404572"]
[WhiteElo "1245"]
[BlackElo "2025"]
[Result "1-0"]
[Round "07"]
[TimeControl "180+1"]
[Date "2022.12.14"]
[WhiteClock "0:00:11"]
[BlackClock "0:00:02"]

1. e4 c6 2. Nf3 d5 3. Nc3 dxe4 4. Nxe4 Nf6 5. Qe2 Nxe4 6. Qxe4 Qd5 7. Qf4 Qf5 8. Qe3 Qe6 9. d4 g6 10. Bd3 Bg7 11. h4 h5 12. Be4 Na6 13. Ng5 Qd6 14. c3 O-O 15. O-O e5 16. dxe5 Qxe5 17. Re1 Re8 18. Bd2 Bg4 19. Bd3 Qd5 20. Qxe8+ Rxe8 21. Rxe8+ Bf8 22. Bxa6 Qxd2 23. Bxb7 Qxb2 24. Rd1 Qxb7 25. Rdd8 Qb1+ 26. Kh2 Kg7 27. Rxf8 Be6 28. Nxe6+ fxe6 29. Rg8+ Kf6 30. f4 Qc1 31. Rdf8+ Ke7 32. Re8+ Kd6 33. Rd8+ Kc5 34. Rxg6 Qxf4+ 35. g3 Qf2+ 36. Kh1 Qf1+ 37. Kh2 Qe2+ 38. Kh1 Qd1+ 39. Rxd1 Kc4 40. Rc1 Kd3 41. Rf6 Kd2 42. Rff1 e5 43. g4 e4 44. g5 e3 45. Rfe1 e2 46. g6 c5 47. g7 a5 48. g8=Q c4 49. Qg2 a4 50. Qxe2# 1-0


[Site "https://www.chess.com"]

[Event "Titled Tuesday Blitz December 13 Late 2022"]
[White "Espinosa, Pedro"]
[Black "Seletsky, Grigory"]
[WhiteFideId "30921066"]
[BlackFideId "14112191"]
[WhiteElo "2016"]
[BlackElo "2492"]
[Result "1-0"]
[Round "07"]
[TimeControl "180+1"]
[Date "2022.12.14"]
[WhiteClock "0:00:01"]
[BlackClock "0:00:01"]

1. d4 d5 2. c4 c6 3. cxd5 cxd5 4. Bf4 Nc6 5. Nc3 a6 6. e3 e6 7. Nf3 Bd6 8. Bxd6 Qxd6 9. Bd3 Nf6 10. O-O O-O 11. a3 b5 12. b4 Bb7 13. Rc1 Rac8 14. Nd2 e5 15. dxe5 Nxe5 16. Be2 Rfd8 17. Nf3 Nc4 18. Qb3 d4 19. Rfd1 Bxf3 20. Bxf3 Qe5 21. exd4 Rxd4 22. Bb7 Rcd8 23. Rxd4 Rxd4 24. Bxa6 Ng4 25. g3 Qf5 26. Qc2 Qh5 27. h4 Rd2 28. Rd1 Rxd1+ 29. Qxd1 g6 30. Bxb5 Nxa3 31. Be2 Qe5 32. Nd5 Nf6 33. Nxf6+ Qxf6 34. Bf3 Qc3 35. Kg2 Qxb4 36. Qd7 Qf8 37. Qd3 h5 38. Bd5 Kg7 39. Qc3+ Kh7 40. Qf6 1-0


[Site "https://www.chess.com"]

[Event "Titled Tuesday Blitz December 13 Late 2022"]
[White "Firouzja, Alireza"]
[Black "Sarana, Alexey"]
[WhiteFideId "12573981"]
[BlackFideId "24133795"]
[WhiteElo "2904"]
[BlackElo "2708"]
[Result "1-0"]
[Round "07"]
[TimeControl "180+1"]
[Date "2022.12.13"]
[WhiteClock "0:00:08"]
[BlackClock "0:00:06"]

1. d4 Nf6 2. c4 e6 3. Nf3 d5 4. g3 Bb4+ 5. Nbd2 dxc4 6. Qa4+ Nc6 7. a3 Bxd2+ 8. Bxd2 Qd5 9. Bc3 b5 10. Qd1 Bb7 11. Bg2 O-O 12. O-O Ne7 13. Bb4 Rfe8 14. Re1 a5 15. Bc5 a4 16. e4 Qd8 17. Ne5 Ng6 18. Ng4 Nd7 19. Bb4 Rc8 20. Bc3 Nf6 21. h4 Nf8 22. d5 Nxg4 23. Qxg4 e5 24. f4 f6 25. fxe5 fxe5 26. Rf1 Qd6 27. Rf5 Rcd8 28. Qg5 h6 29. Qh5 g6 30. Rxf8+ Qxf8 31. Qxg6+ Qg7 32. Qh5 Qxg3 33. Rf1 Re7 34. Rf3 Qg7 35. Kh2 Kh7 36. Bh3 Bc8 37. Bxc8 Rxc8 38. Qf5+ Qg6 39. Qxc8 Qxe4 40. Qf5+ Qxf5 41. Rxf5 e4 42. Re5 Rxe5 43. Bxe5 e3 44. Kg3 Kg6 45. Kf3 Kf5 46. Bc3 e2 47. Kxe2 Ke4 48. h5 Kxd5 49. Bd2 c5 50. Bxh6 b4 51. Bc1 Ke6 52. h6 Kf7 53. Bd2 bxa3 54. bxa3 Kg6 55. Kd1 c3 56. Bc1 1-0


[Site "https://www.chess.com"]

[Event "Titled Tuesday Blitz December 13 Late 2022"]
[White "Floresvillar Gonzalez, Luis Migu"]
[Black "Vedder, Richard"]
[WhiteFideId "5100542"]
[BlackFideId "1004166"]
[WhiteElo "2040"]
[BlackElo "2168"]
[Result "0-1"]
[Round "07"]
[TimeControl "180+1"]
[Date "2022.12.14"]
[WhiteClock "0:01:00"]
[BlackClock "0:00:49"]

1. d4 d5 2. c3 Nf6 3. Bg5 e6 4. Nd2 c5 5. e3 Nc6 6. Bd3 h6 7. Bxf6 Qxf6 8. f4 cxd4 9. cxd4 Bd6 10. Ngf3 O-O 11. O-O Qe7 12. Rc1 Bd7 13. Ne5 Rfc8 14. Qh5 Be8 15. Qg4 Nb4 16. Bb1 Bb5 17. Rfe1 Be8 18. a3 Nc6 19. Nxc6 Rxc6 20. Rxc6 bxc6 21. Nf3 c5 22. Qg3 Rb8 23. Qf2 c4 24. Qc2 g6 25. Ne5 Rb3 26. Ba2 Rb6 27. Re2 Qb7 28. h3 Qa6 29. Kh2 Ba4 30. Qb1 Bxa3 31. Nxg6 c3 32. b3 Qxe2 33. Ne5 c2 0-1


[Site "https://www.chess.com"]

[Event "Titled Tuesday Blitz December 13 Late 2022"]
[White "Gasparyan, David"]
[Black "Hamley, Ryan"]
[WhiteFideId "13311980"]
[BlackFideId "30959497"]
[WhiteElo "2426"]
[BlackElo "2603"]
[Result "1-0"]
[Round "07"]
[TimeControl "180+1"]
[Date "2022.12.14"]
[WhiteClock "0:01:28"]
[BlackClock "0:00:31"]

1. e4 c6 2. Ne2 d5 3. exd5 cxd5 4. d4 g6 5. Bf4 Bg7 6. c3 Nc6 7. Nd2 Nf6 8. h4 h6 9. Nf3 Bg4 10. Ne5 Nxe5 11. dxe5 Qb6 12. exf6 Bxf6 13. Qa4+ Bd7 14. Qb3 Qe6 15. O-O-O O-O 16. Qxd5 Qxd5 17. Rxd5 Bc6 18. Rd1 Kg7 19. Nd4 Bd5 20. Nb3 e6 21. Bd3 Rac8 22. f3 a5 23. Be4 a4 24. Bxd5 exd5 25. Nd4 a3 26. Bd6 axb2+ 27. Kxb2 Rfd8 28. Bb4 Rc4 29. Rhe1 Bxh4 30. Re2 Rdc8 31. Rd3 Bf6 32. Kb3 h5 33. Nb5 d4 34. Nd6 dxc3 35. Nxc4 c2 36. Rxc2 b5 37. Nd6 Rb8 38. Re2 Bg5 39. Ne8+ Kh6 40. g3 Rc8 41. f4 Bd8 42. Bf8+ Kh7 43. Rd7 Kg8 44. Be7 Bb6 45. Nd6 Rc1 46. Bf6 g5 47. f5 1-0


[Site "https://www.chess.com"]

[Event "Titled Tuesday Blitz December 13 Late 2022"]
[White "Goltsev, Dmitry"]
[Black "Martinez Ramirez, Lennis"]
[WhiteFideId "24176710"]
[BlackFideId "3509079"]
[WhiteElo "2327"]
[BlackElo "2439"]
[Result "1-0"]
[Round "07"]
[TimeControl "180+1"]
[Date "2022.12.13"]
[WhiteClock "0:01:11"]
[BlackClock "0:00:02"]

1. e4 c5 2. Nf3 Nc6 3. d4 cxd4 4. Nxd4 Nf6 5. Nc3 e5 6. Nf5 d5 7. exd5 Bxf5 8. dxc6 Qxd1+ 9. Nxd1 bxc6 10. Ne3 Bg6 11. Bc4 Bc5 12. Ke2 O-O-O 13. Bd2 Nd5 14. Bb3 Nf4+ 15. Ke1 Bxe3 16. Bxe3 Nxg2+ 17. Ke2 Nxe3 18. fxe3 Bh5+ 19. Ke1 Rd6 20. Rg1 Rhd8 21. Rxg7 Rd2 22. Bxf7 Bxf7 23. Rxf7 Rxh2 24. a4 Rdd2 25. Rxh7 Rxc2 26. Rxh2 Rxh2 27. Rc1 Kc7 28. b4 Kd6 29. Rc4 Rb2 30. e4 Kc7 31. b5 Kb7 32. bxc6+ Kc7 33. Kd1 Rh2 34. a5 Ra2 35. Rc5 Ra4 36. Rxe5 Kxc6 37. Kd2 Kd6 38. Rd5+ Kc6 39. Ke3 Ra1 40. Kf4 Rf1+ 41. Ke5 Re1 42. Rd6+ Kb5 43. a6 Kc5 44. Rd7 Kb6 45. Rd6+ Kc5 46. Rh6 Ra1 47. Kf5 Rf1+ 48. Ke6 Ra1 49. Kd7 Rd1+ 50. Kc7 Kd4 51. Rd6+ 1-0


[Site "https://www.chess.com"]

[Event "Titled Tuesday Blitz December 13 Late 2022"]
[White "Gorodetzky, David"]
[Black "Sargsyan, Anna M."]
[WhiteFideId "2813416"]
[BlackFideId "13308130"]
[WhiteElo "2484"]
[BlackElo "2284"]
[Result "1-0"]
[Round "07"]
[TimeControl "180+1"]
[Date "2022.12.13"]
[WhiteClock "0:01:16"]
[BlackClock "0:00:02"]

1. a4 e5 2. e3 d5 3. a5 Nf6 4. d4 exd4 5. exd4 Bd6 6. Nf3 O-O 7. Be2 Re8 8. O-O a6 9. h3 Nbd7 10. Nbd2 Nf8 11. c4 c6 12. c5 Bc7 13. Re1 Ng6 14. b4 Nf4 15. Bf1 Bf5 16. Rxe8+ Qxe8 17. Bb2 Ne4 18. Ra3 Qe6 19. Re3 Qh6 20. Ne5 f6 21. Nd3 Nxd3 22. Bxd3 Bf4 23. Rxe4 dxe4 24. Nxe4 Re8 25. Qf3 Bxe4 26. Bxe4 f5 27. Bd3 Re1+ 28. Bf1 g6 29. Bc3 Re7 30. d5 cxd5 31. Qxd5+ Kf8 32. Bc4 Qg7 33. Qd8+ Re8 34. Bxg7+ Kxg7 35. Qxe8 1-0


[Site "https://www.chess.com"]

[Event "Titled Tuesday Blitz December 13 Late 2022"]
[White "Goryachkina, Aleksandra"]
[Black "Boros, Denes"]
[WhiteFideId "4147103"]
[BlackFideId "722340"]
[WhiteElo "2484"]
[BlackElo "2464"]
[Result "1-0"]
[Round "07"]
[TimeControl "180+1"]
[Date "2022.12.13"]
[WhiteClock "0:00:04"]
[BlackClock "0:00:02"]

1. e4 b6 2. d4 Bb7 3. Bd3 e6 4. Nf3 Ne7 5. O-O d6 6. Nbd2 Nd7 7. Re1 Ng6 8. Nf1 Be7 9. Ng3 O-O 10. c3 a6 11. a4 c5 12. Qe2 Qc7 13. Be3 Rfe8 14. Rad1 Bc6 15. b3 Qb7 16. h3 b5 17. Qc2 Rac8 18. axb5 Bxb5 19. Bxb5 Qxb5 20. c4 Qb7 21. d5 Rb8 22. Nd2 Bf6 23. Nh5 Qb4 24. Nxf6+ Nxf6 25. Ra1 h6 26. Reb1 Qb7 27. Ra3 Nh5 28. Rba1 exd5 29. exd5 Ra8 30. Qa2 Rxe3 31. fxe3 Qe7 32. Nf1 Kh7 33. Rxa6 Rb8 34. Qc2 Qg5 35. Ra7 Kg8 36. Qf2 Ne5 37. Ra8 Rf8 38. Rxf8+ Kxf8 39. Ra8+ Ke7 40. Ra7+ Kf8 41. Qc2 g6 42. Qe4 Ng3 43. Nxg3 Qxg3 44. Qf4 Qe1+ 45. Kh2 Kg7 46. b4 Qxb4 47. Ra6 Qxc4 48. Rxd6 Qc3 49. Qf6+ Kh7 50. Qf4 c4 51. Rd8 Kg7 52. Rc8 Kh7 53. d6 f5 54. d7 g5 55. Qd4 Qe1 56. Qxe5 Kg6 57. Qe6+ Kh5 58. Qxf5 Qg3+ 59. Kxg3 c3 60. Qf7# 1-0


[Site "https://www.chess.com"]

[Event "Titled Tuesday Blitz December 13 Late 2022"]
[White "Gritsenko, Nikolai"]
[Black "Remizov, Yaroslav"]
[WhiteFideId "14112493"]
[BlackFideId "34134015"]
[WhiteElo "2389"]
[BlackElo "2415"]
[Result "0-1"]
[Round "07"]
[TimeControl "180+1"]
[Date "2022.12.13"]
[WhiteClock "0:00:03"]
[BlackClock "0:00:05"]

1. b3 d5 2. Bb2 c5 3. Nf3 Nf6 4. e3 Bf5 5. c4 e6 6. Nc3 Be7 7. cxd5 exd5 8. d4 O-O 9. Be2 b6 10. O-O Nc6 11. Rc1 Rc8 12. Ba6 Rb8 13. Bb5 Na5 14. Na4 c4 15. Ne5 Nd7 16. Qf3 Be4 17. Qg4 Nxe5 18. dxe5 cxb3 19. axb3 Nxb3 20. Rcd1 Bc2 21. Nc3 Bxd1 22. Rxd1 Qc8 23. Bd7 h5 24. Qf5 g6 25. Qh3 Qc4 26. Nxd5 Qh4 27. Nxe7+ Qxe7 28. e6 Nc5 29. Qg3 Nxd7 30. exd7 Rb7 31. Qf4 Kh7 32. Rd4 Rxd7 33. h4 Rxd4 34. Qxd4 Rg8 35. Qf4 Qe6 36. f3 a5 37. Be5 b5 38. Bd4 b4 39. Qc7 a4 40. Qb7 b3 41. Kh2 Qd6+ 42. f4 Qe6 0-1


[Site "https://www.chess.com"]

[Event "Titled Tuesday Blitz December 13 Late 2022"]
[White "Gutkin, Ilya"]
[Black "Bjelobrk, Igor"]
[WhiteFideId "16203470"]
[BlackFideId "4300726"]
[WhiteElo "2265"]
[BlackElo "2335"]
[Result "1/2-1/2"]
[Round "07"]
[TimeControl "180+1"]
[Date "2022.12.14"]
[WhiteClock "0:00:07"]
[BlackClock "0:00:08"]

1. Nf3 c5 2. b3 Nc6 3. Bb2 d6 4. d4 cxd4 5. Nxd4 Nf6 6. c4 g6 7. g3 Bg7 8. Bg2 Bd7 9. O-O O-O 10. Nc3 Qa5 11. Nd5 Nxd5 12. Bxd5 Qb6 13. Nxc6 bxc6 14. Bxg7 Kxg7 15. Bg2 a5 16. Qd2 Rfb8 17. Rab1 Qb4 18. Qb2+ Kg8 19. a3 Qc5 20. Rfc1 Bf5 21. e4 Be6 22. b4 axb4 23. axb4 Qb6 24. Qc3 Ra4 25. c5 dxc5 26. Qxc5 Qxc5 27. Rxc5 Raxb4 28. Rbc1 R8b6 29. e5 Rb1 30. Bxc6 Rxc1+ 31. Rxc1 Bh3 32. Bg2 Bxg2 33. Kxg2 Rb2 34. Rc7 e6 35. Rc3 g5 36. g4 Kg7 37. Re3 Kg6 38. Kg3 Rb4 39. h4 gxh4+ 40. Kxh4 h5 41. f3 Rc4 42. Re4 Rxe4 43. fxe4 hxg4 44. Kxg4 Kh6 45. Kh4 Kg6 46. Kg4 Kh6 47. Kh4 Kg6 48. Kg4 1/2-1/2


[Site "https://www.chess.com"]

[Event "Titled Tuesday Blitz December 13 Late 2022"]
[White "Han, Yichen"]
[Black "Ibarra Jerez, Jose Carlos"]
[WhiteFideId "1054430"]
[BlackFideId "2226332"]
[WhiteElo "2323"]
[BlackElo "2638"]
[Result "0-1"]
[Round "07"]
[TimeControl "180+1"]
[Date "2022.12.13"]
[WhiteClock "0:00:02"]
[BlackClock "0:00:49"]

1. d4 Nf6 2. Nf3 g6 3. Nbd2 d5 4. e3 Bg7 5. b4 O-O 6. Be2 a5 7. b5 c5 8. bxc6 bxc6 9. O-O Bf5 10. c4 c5 11. Ba3 Na6 12. Rc1 Nb4 13. Bxb4 cxb4 14. cxd5 Nxd5 15. Bc4 Nc3 16. Qb3 Qd6 17. a3 Rab8 18. axb4 axb4 19. Rfe1 Bd7 20. Ra1 e6 21. Ra6 Rb6 22. Rea1 Rfb8 23. h3 h6 24. Ra7 Be8 25. Bf1 Qd5 26. Bc4 Qf5 27. Ra8 Bc6 28. Rxb8+ Rxb8 29. Ra6 Bd7 30. Ra7 Be8 31. Re7 Ba4 32. Qb2 Qa5 33. Bb3 Bf8 34. Nc4 Qa6 35. Rc7 Nd5 36. Rc5 Bxc5 37. dxc5 Bxb3 38. Qxb3 Qa1+ 39. Kh2 Qc3 40. Nfd2 Rc8 41. Qxc3 bxc3 42. Nb3 c2 43. Ncd2 Rxc5 44. Kg3 c1=Q 0-1


[Site "https://www.chess.com"]

[Event "Titled Tuesday Blitz December 13 Late 2022"]
[White "Herman, Daniel"]
[Black "Marcolino, Daniel Mattos"]
[WhiteFideId "30935008"]
[BlackFideId "2106841"]
[WhiteElo "1897"]
[BlackElo "2135"]
[Result "1-0"]
[Round "07"]
[TimeControl "180+1"]
[Date "2022.12.14"]
[WhiteClock "0:01:42"]
[BlackClock "0:00:48"]

1. d4 Nf6 2. c4 e6 3. g3 d5 4. Bg2 dxc4 5. Nf3 Nc6 6. e3 a6 7. Nbd2 Bb4 8. O-O O-O 9. Nxc4 Rb8 10. Bd2 Qe7 11. Rc1 Rd8 12. Bxb4 Nxb4 13. Qb3 b6 14. Nfe5 Bd7 15. a3 Nbd5 16. e4 b5 17. Na5 Nb6 18. Nac6 Bxc6 19. Nxc6 Qd7 20. Rfd1 Nc4 21. Nxb8 Rxb8 22. Rxc4 bxc4 23. Qxb8+ Ne8 1-0


[Site "https://www.chess.com"]

[Event "Titled Tuesday Blitz December 13 Late 2022"]
[White "Hoffmann, Asa"]
[Black "Hajiyev, Kanan"]
[WhiteFideId "2001470"]
[BlackFideId "13404148"]
[WhiteElo "2117"]
[BlackElo "2118"]
[Result "0-1"]
[Round "07"]
[TimeControl "180+1"]
[Date "2022.12.14"]
[WhiteClock "0:01:07"]
[BlackClock "0:00:49"]

1. d4 d5 2. Bg5 c6 3. e3 Qb6 4. b3 Bf5 5. Bd3 Bxd3 6. Qxd3 e6 7. Nd2 h6 8. Bh4 Ne7 9. f4 Nf5 10. Bf2 c5 11. c3 Nc6 12. g4 Nd6 13. dxc5 Qxc5 14. e4 Qb5 15. Qxb5 Nxb5 16. exd5 exd5 17. c4 dxc4 18. Nxc4 Bb4+ 19. Kf1 O-O-O 20. Nf3 Rhe8 21. Kg2 Re4 22. Bg3 Nbd4 23. Rhd1 Re2+ 24. Bf2 Bc5 25. Rf1 Nc2 26. Rac1 b5 27. Nce5 Nxe5 28. Nxe5 Rdd2 29. b4 Bxf2 30. Kh3 f6 31. Nf3 Rd3 0-1


[Site "https://www.chess.com"]